 Dungeon Crawl Stone Soup version 0.20.1-1-g8b1a95d (console) character file.

296 hilaritas the Slasher (level 6, 0/43 HPs)
             Began as an Octopode Fighter on Jan 21, 2018.
             Slain by an orc warrior
             ... wielding a +1 mace of protection
              (12 damage)
             ... on level 4 of the Dungeon.
             The game lasted 00:06:00 (3169 turns).

hilaritas the Slasher (Octopode Fighter)            Turns: 3169, Time: 00:06:01

Health: 0/43       AC:  1    Str: 20    XL:     6   Next: 35%
Magic:  6/6        EV: 12    Int: 13    God:
Gold:   114        SH:  9    Dex: 11    Spells: 5/5 levels left

rFire    . . .     SeeInvis .   a - +1 long sword
rCold    . . .     Gourm    .   b - +0 shield
rNeg     . . .     Faith    .   (helmet restricted)
rPois    .         Spirit   .   (no amulet)
rElec    .         Reflect  .   f - +1 ring of evasion
rCorr    .         Harm     .   (no ring)
MR       .....                  (no ring)
Stlth    +++.......             (no ring)
Regen    0.2/turn               (no ring)
MPRegen  0.1/turn               (no ring)
                                (no ring)
                                (no ring)

@: mighty
A: almost no armour, stealthy swim, amphibious, 8 rings, constrict 8, camouflage
1, gelatinous body 1
a: no special abilities


You were on level 4 of the Dungeon.
You were not hungry.

You visited 1 branch of the dungeon, and saw 4 of its levels.

You collected 114 gold pieces.

Inventory:

Hand Weapons
 a - a +1 long sword (weapon)
 e - a +0 dagger
 j - a +0 long sword
Armour
 b - a +0 shield (worn)
Jewellery
 f - a +1 ring of evasion (left tentacle)
Wands
 n - a wand of polymorph (10/24)
Potions
 c - a potion of might
 h - a potion of ambrosia
 i - a potion of curing
 l - a potion of flight {unknown}
Comestibles
 d - 2 bread rations
 k - 2 royal jellies
 m - a meat ration


   Skills:
 + Level 3.8 Fighting
 * Level 4.6 Long Blades
 - Level 3.0 Dodging
 + Level 3.7 Stealth
 * Level 4.0 Shields


You had 5 spell levels left.
You didn't know any spells.

Dungeon Overview and Level Annotations

Branches:
Dungeon (4/15)
 Temple: D:4-7

Altars:
Qazlal
Ru

Annotations:
D:4 hilaritas's ghost, amateur OpFi


Innate Abilities, Weirdness & Mutations

You cannot wear most types of armour.
You are very stealthy in the water. (Stealth+)
You are amphibious.
You can wear up to eight rings at the same time.
You can use your tentacles to constrict eight enemies at once.
Your skin changes colour to match your surroundings (Stealth+).
Your rubbery body absorbs attacks. (AC +1, EV +1)


Message History

Hilaritas's ghost turns its malevolent gaze towards you.
You block hilaritas's ghost's attack.
Unknown command.
You feel very mighty all of a sudden. You block hilaritas's ghost's attack.
The orc warrior hits you with a mace of protection.
You hit hilaritas's ghost. Your squeeze misses hilaritas's ghost.
Hilaritas's ghost is lightly damaged.
Hilaritas's ghost closely misses you.
You riposte.
You miss hilaritas's ghost.
Hilaritas's ghost is lightly damaged.
You block the orc warrior's attack.
You slash hilaritas's ghost!
Hilaritas's ghost is heavily damaged.
You block hilaritas's ghost's attack. You block the orc warrior's attack.
Hilaritas's ghost misses you.
You barely miss hilaritas's ghost. You squeeze hilaritas's ghost!
Hilaritas's ghost is severely damaged.
Hilaritas's ghost hits you!
The orc warrior hits you with a mace of protection!
You die...

..# ##### .. ....#
.. .... #. ...
#.#.. {.. #.#
#####.#
#######o.)..#
#...W@oo#####
#<####### #.#
####.# #....#
#....# ##
#....###### ##...
#........(#####...#
#....####.......#
#....# ####....#
#....# #.##..#


You could see an orc warrior, hilaritas's ghost and 2 orcs.

Vanquished Creatures
  Sigmund (D:2)
  Terence (D:2)
  An orc wizard (D:3)
  2 adders (D:2)
  An ooze (D:4)
  A dart slug (D:1)
  A leopard gecko (D:1)
  5 orcs
  2 giant cockroaches (D:1)
  6 hobgoblins
  4 jackals (D:1)
  11 kobolds
  A quokka (D:2)
  6 bats
  A frilled lizard (D:2)
  8 goblins
  10 rats
62 creatures vanquished.

Notes
Turn   | Place    | Note
-------+----------+-------------------------------------------
     0 | D:1      | hilaritas the Octopode Fighter began the quest for the Orb.
     0 | D:1      | Reached XP level 1. HP: 16/16 MP: 1/1
   135 | D:1      | Reached XP level 2. HP: 20/21 MP: 2/2
   203 | D:1      | Reached skill level 1 in Stealth
   390 | D:1      | Reached XP level 3. HP: 26/26 MP: 3/3
  1127 | D:2      | Noticed Sigmund
  1146 | D:2      | Killed Sigmund
  1146 | D:2      | Reached XP level 4. HP: 18/33 MP: 4/4
  1146 | D:2      | Reached XP level 5. HP: 20/37 MP: 5/5
  1727 | D:2      | Noticed Terence
  1733 | D:2      | Killed Terence
  1733 | D:2      | Reached XP level 6. HP: 34/43 MP: 6/6
  1814 | D:2      | Found a sacrificial altar of Ru.
  2128 | D:3      | Found a stormy altar of Qazlal.
  3097 | D:4      | Noticed an orc warrior
  3162 | D:4      | Noticed hilaritas's ghost (amateur OpFi)
  3169 | D:4      | Slain by an orc warrior

Skill      XL: |  1  2  3  4  5  6 |
---------------+-------------------+-----
Stealth        | 1 3 |  3.7
Long Blades    | 4 |  4.6
Shields        | 4 |  4.0
Fighting       | |  3.8
Dodging        | |  3.0

Action                   |  1- 3 |  4- 6 || total
-------------------------+-------+-------++-------
Melee: Long sword        |    71 |    69 ||   140
       Constrict         |    23 |    12 ||    35
       Tentacles         |    13 |    11 ||    24
  Use: Scroll            |     3 |     6 ||     9
       Potion            |       |     1 ||     1
 Stab: Sleeping          |     2 |     6 ||     8
  Eat: Chunk             |     1 |     6 ||     7
Armor: Skin              |     9 |     2 ||    11
Dodge: Dodged            |    36 |    18 ||    54
Block: Shield            |    20 |    26 ||    46
       Rpst.: Long sword |     9 |     3 ||    12
